AoeStats
← KK

Arena

506654168Analyzed
4v4 RM · 19d ago on Sep 14, 2026· 35m 28s· 8 players
Game mode
Random Map
Map size
Large (8 player)
Population
200
Speed
Normal
Resources
Standard
Victory
Conquest
Starting age
Dark Age
Ending age
Imperial Age
RankedLock teamsTeams togetherTeam positionsShared explorationLock speedFull tech treeHidden civsTurbo modeCheats
Victory
Defeat
🇨🇳 Mongols · China
1477
+14
🇨🇳 Tatars · China
1466
+14
🇨🇳 Franks · China
1422
+16
🇦🇷 Inca · Argentina
1403
+17
🇨🇴 Khmer · Colombia
1447
-16
🇯🇵 Mongols · Japan
1446
-16
🇵🇪 Italians · Peru
1428
-15
🇹🇼 Teutons · Taiwan
1402
-14
KootH.
9:23 Feudal Age
12:46 Castle Age
11:05 Double-Bit Axe
19:00 Bloodlines
20:36 Gold Mining
藥膏
5:58 Loom
8:32 Feudal Age
12:17 Fletching
27:29 Wheelbarrow
31:17 Double-Bit Axe
31:15 Horse Collar
35:50 Castle Age
店小贰
10:21 Feudal Age
11:09 Double-Bit Axe
14:02 Castle Age
12:00 Horse Collar
14:55 Bow Saw
19:25 Loom
20:58 Wheelbarrow
21:49 Stone Mining
23:27 Stone Shaft Mining
28:53 Imperial Age
27:17 Ballistics
28:02 Hand Cart
27:39 Gold Mining
27:43 Fletching
27:54 Padded Archer Armor
28:34 Heavy Plow
28:48 Bodkin Arrow
29:43 Leather Archer Armor
29:40 Bloodlines
29:31 Husbandry
30:03 Conscription
29:57 Bracer
31:12 Chemistry
31:16 Thumb Ring
31:36 Parthian Tactics
32:11 Fortified Wall
31:40 Elite Mangudai
32:38 Murder Holes
33:13 Light Cavalry
34:04 Forging
33:59 Scale Barding Armor
35:33 Iron Casting
34:19 Hussar
35:13 Siege Engineers
36:04 Chain Barding Armor
CROVERS
8:05 Feudal Age
10:28 Loom
14:57 Fletching
22:49 Castle Age
21:09 Horse Collar
22:05 Gold Mining
23:42 Bodkin Arrow
24:30 Wheelbarrow
27:45 Stone Mining
29:29 Hand Cart
29:32 Padded Archer Armor
30:12 Stone Shaft Mining
34:38 Imperial Age
32:41 Double-Bit Axe
34:04 Murder Holes
34:21 Fortified Wall
34:46 Leather Archer Armor
297539664
9:42 Feudal Age
13:35 Castle Age
12:32 Double-Bit Axe
14:36 Bow Saw
15:24 Wheelbarrow
25:11 Husbandry
25:18 Scale Barding Armor
26:55 Forging
27:52 Gold Mining
28:52 Iron Casting
29:38 Gold Shaft Mining
30:03 Chain Barding Armor
30:09 Hand Cart
36:24 Imperial Age
虾米
8:39 Loom
10:24 Feudal Age
34:44 Castle Age
33:14 Double-Bit Axe
33:13 Horse Collar
苏东坡的粉丝
11:07 Feudal Age
15:19 Castle Age
14:02 Horse Collar
14:53 Loom
15:34 Scale Barding Armor
26:23 Chain Barding Armor
32:48 Wheelbarrow
32:58 Fletching
34:32 Bodkin Arrow
35:06 Padded Archer Armor
34:59 Crossbowman
36:11 Leather Archer Armor
KK
10:08 Feudal Age
11:36 Loom
14:46 Castle Age
13:20 Double-Bit Axe
23:50 Fletching
24:50 Bow Saw
25:40 Wheelbarrow
25:53 Bodkin Arrow
26:48 Horse Collar
29:04 Hand Cart
32:33 Imperial Age
30:27 Gold Mining
31:04 Town Watch
32:30 Padded Archer Armor
32:37 Stone Mining
33:17 Bracer
34:45 Chemistry
34:06 Ballistics
34:18 Masonry
34:59 Ballistics
34:30 Elite Mangudai
35:39 Leather Archer Armor
36:13 Bloodlines
36:04 Husbandry
Connection lost

Rejoining the realm…

Still unreachable

The connection could not be restored.

Session expired

The server has moved on; the page needs a fresh start.